 Dungeon Crawl Stone Soup version 0.22-a0-614-g34fbaa0 (webtiles) character file.

61 Figureslego113 the Chopper (level 3, -1/29 HPs)
             Began as a Demonspawn Monk on July 19, 2018.
             Slain by a gnoll
             ... wielding a +0 halberd
              (9 damage)
             ... on level 2 of the Dungeon.
             The game lasted 00:05:24 (1170 turns).

Figureslego113 the Chopper (Demonspawn Monk)        Turns: 1170, Time: 00:05:24

Health: -1/29      AC:  4    Str: 11    XL:     3   Next: 83%
Magic:  3/3        EV: 17    Int: 11    God:
Gold:   130        SH:  0    Dex: 16    Spells: 2/2 levels left

rFire    . . .     SeeInvis .   a - +0 hand axe
rCold    . . .     Gourm    .   (no shield)
rNeg     . . .     Faith    .   b - +0 robe
rPois    .         Spirit   .   (no helmet)
rElec    .         Reflect  .   (no cloak)
rCorr    .         Harm     .   (no gloves)
MR       .....                  d - +0 pair of boots
Stlth    ++........             (no amulet)
HPRegen  0.09/turn              k - +4 ring of evasion
MPRegen  0.08/turn              (no ring)

@: no status effects
A: rugged brown scales 1
a: no special abilities


You were on level 2 of the Dungeon.
You were not hungry.

You visited 1 branch of the dungeon, and saw 2 of its levels.

You collected 130 gold pieces.

Inventory:

Hand Weapons
 a - a +0 hand axe (weapon)
Missiles
 o - 5 tomahawks (quivered)
Armour
 b - a +0 robe (worn)
 d - a +0 pair of boots (worn)
Jewellery
 k - a +4 ring of evasion (left hand)
 n - a +5 ring of strength {unknown}
Scrolls
 g - 2 scrolls of fog {unknown}
 h - a scroll of fear {unknown}
 l - 2 scrolls of amnesia {unknown}
Potions
 e - a potion of heal wounds {unknown}
 f - 3 potions of lignification {unknown}
 i - a potion of berserk rage {unknown}
 j - a potion of might {unknown}
 m - a potion of curing {unknown}
Comestibles
 c - a ration


   Skills:
 - Level 3.0 Fighting
 * Level 4.4 Axes
 - Level 2.6 Dodging
 - Level 1.7 Stealth


You had 2 spell levels left.
You didn't know any spells.
Your spell library was empty.

Dungeon Overview and Level Annotations

Branches:
Dungeon (2/15)

Altars:


Innate Abilities, Weirdness & Mutations

You are partially covered in rugged brown scales. (AC +1, +3% HP)


Message History

The gnoll hits you from afar with a halberd!
The gnoll hits you with a rapier.
Things that are here:
a dagger; a goblin skeleton A kobold comes into view.
It is wielding a whip.
You hit the kobold.
You kill the kobold!
You hit the gnoll. The gnoll hits you with a rapier.
You see here a whip.
Things that are here:
a dagger; a goblin skeleton The gnoll hits you from afar with a halberd.
The gnoll misses you.
Found a short sword.
The gnoll shouts!
There is a stone staircase leading up here.
The gnoll hits you with a rapier.
* * * LOW HITPOINT WARNING * * *
The gnoll hits you from afar with a halberd!
You die...

#########################
............g.gg@........
.###############.....### .#
#.....# .#############
#.....#
.............###.....# ....
..g..................# ....
............#.##.....##
.....
.......(....'...........
...
####..).....#..#.....##....


You could see 3 gnolls.

Vanquished Creatures
  A gnoll (D:1)
  A worm (D:2)
  2 dart slugs
  3 giant cockroaches
  8 goblins
  4 hobgoblins (D:1)
  3 jackals (D:1)
  7 kobolds
  5 bats
  3 frilled lizards
  5 rats
42 creatures vanquished.

Notes
Turn   | Place    | Note
-------+----------+-------------------------------------------
     0 | D:1      | Figureslego113 the Demonspawn Monk began the quest for the Orb.
     0 | D:1      | Reached XP level 1. HP: 18/18 MP: 1/1
    46 | D:1      | Reached skill level 3 in Axes
   108 | D:1      | Gained mutation: You are partially covered in rugged brown scales. (AC +1, +3% HP) [demonic ancestry]
   108 | D:1      | Reached XP level 2. HP: 8/24 MP: 2/2
   608 | D:1      | Reached XP level 3. HP: 29/29 MP: 3/3
   654 | D:1      | Reached skill level 4 in Axes
  1170 | D:2      | Slain by a gnoll

Vault maps used:
D:1:      dpeg_arrival_shelter, serial_bayou_pond_e

Skill      XL: |  1  2  3 |
---------------+----------+-----
Axes           | 3 4 |  4.4
Fighting       | |  3.0
Dodging        | |  2.6
Stealth        | |  1.7

Action                   || total
-------------------------++-------
Melee: Hand axe          ||   121
  Use: Scroll            ||     1
 Stab: Sleeping          ||     2
  Eat: Chunk             ||     1
Armor: Robe              ||    25
Dodge: Dodged            ||    86

Table legend:
 A = Spawn XP
 B = Non-spawn XP
 C = Spawn XP percentage of total XP
 D = Spawn monster count
 E = Non-spawn monster count
 F = Spawn count percentage of total count
 G = Total turns spent on level
                    A         B        C        D         E        F      G
               +---------+---------+-------+---------+---------+-------+---------
         Total |       0 |      88 |   0.0 |       0 |      42 |   0.0 |  1170
               +---------+---------+-------+---------+---------+-------+---------
           D:1 |       0 |      60 |   0.0 |       0 |      27 |   0.0 |   762
           D:2 |       0 |      28 |   0.0 |       0 |      15 |   0.0 |   408
               +---------+---------+-------+---------+---------+-------+---------
